 Dungeon Sprint DCSS version 0.31-a0-496-g6f97920a28 (webtiles) character file.

Game seed: 13649823375000842856

634 Midn8 the Grappler (level 7, 0/80 HPs)
             Began as a Troll Fighter on Aug 8, 2023.
             Was an Initiate of Okawaru.
             Slain by a hornet (2 damage)
             ... while paralysed by a hornet
             ... in the Dungeon (Sprint II: "The Violet Keep of Menkaure").
             The game lasted 00:01:28 (227 turns).

Midn8 the Grappler (Troll Fighter)                   Turns: 227, Time: 00:01:28

Health: 0/80       AC:  4    Str: 27    XL:     7   Next: 24%
Magic:  6/6        EV:  1    Int:  4    God:    Okawaru [......]
Gold:   486        SH:  0    Dex:  9    Spells: 6/6 levels left

rFire   . .          .
                       - Unarmed
rCold   . . .        b - +0 kite shield
rNeg    . . .        a - +0 robe
rPois   .            (helmet restricted)
rElec   .            (no cloak)
rCorr   .            (gloves unavailable)
SInv    .            (boots unavailable)
Will    .....        (no amulet)
Stlth   +            (no ring)
HPRegen 1.13/turn    (no ring)
MPRegen 0.10/turn

%: no teleportation
@: paralysed, lethally poisoned (0 -> -1), slowed
A: large, unfitting armour, claws 3, regeneration 1, shaggy fur 1, tough skin 1
a: Renounce Religion


You were in the Dungeon.
You worshipped Okawaru.
Okawaru was noncommittal.
You visited 1 branch You collected 486 gold pieces.

Inventory:

Armour
 a - a +0 robe (worn)
 b - a +0 kite shield (worn)
Scrolls
 i - a scroll of blinking
Potions
 c - a potion of might
 d - a potion of curing
 e - a potion of heal wounds
 f - a potion of haste
 g - 2 potions of magic
 h - a potion of berserk rage


   Skills:
 + Level 8.1 Fighting
 - Level 2.4 Dodging
 - Level 2.6 Shields
 * Level 12.9 Unarmed Combat


You had 6 spell levels left.
You didn't know any spells.
Your spell library was empty.

Dungeon Overview and Level Annotations

Branches:
Dungeon (1/1)

Altars:
Cheibriados
Dithmenos
Elyvilon
Fedhas
Gozag
Hepliaklqana
Kikubaaqudgha
Makhleb
Nemelex Xobeh
Okawaru
Qazlal
Ru
Sif Muna
Trog
Uskayaw
Vehumet
Wu Jian
Xom
Yredelemnul
Zin
The Shining One
Jiyva
Lugonu


Innate Abilities, Weirdness & Mutations

You are too large for most types of armour.
You have claws for hands.
Your natural rate of healing is unusually fast.
You are covered in fur. (AC +1)
You have tough skin. (AC +1)


Message History

You closely miss the polar bear. You barely miss the polar bear.
The polar bear bites you! The polar bear claws you.
The polar bear claws you but does no damage.
The hornet barely misses you.
You scratch the hornet.
The hornet is lightly wounded.
You feel yourself speed up. You block the hornet's attack.
The polar bear barely misses you. x2
The polar bear claws you.
You closely miss the hornet.
The hornet is lightly wounded.
The hornet stings you!
You feel yourself slow down. The polar bear bites you!
You block the polar bear's attack.
The polar bear claws you but does no damage.
You block the hornet's attack.
You mangle the hornet!!
The hornet is severely wounded.
The hornet stings you.
You are poisoned.
You suddenly lose the ability to move!
The polar bear bites you!
* * * LOW HITPOINT WARNING * * *
The polar bear claws you.
* * * LOW HITPOINT WARNING * * *
The polar bear claws you.
* * * LOW HITPOINT WARNING * * *
The hornet stings you.
* * * LOW HITPOINT WARNING * * *
You feel as though you will be slow longer.
You feel sick. The hornet stings you.
* * * LOW HITPOINT WARNING * * *
You feel as though you will be slow longer.
The polar bear bites you!
* * * LOW HITPOINT WARNING * * *
The polar bear claws you.
* * * LOW HITPOINT WARNING * * *
The polar bear claws you but does no damage.
* * * LOW HITPOINT WARNING * * *
You feel sick. The hornet stings you.
You die...

...# .^.# ##▓$!?[($[(▓▓ ###..##
#^.# $#▓?:!(([!?▓▓ +# #.##..#
+..# .#▓[)?!=??!▓▓ .####.#†.#
#..# .#▓(?))?!:!▓▓
<.†.##'..####..##.#▓|!?([$)[▓▓
.##...#....###...##▓▓▓▓▓▓▓+▓▓▓▓
+###.##..§...~~hhc~~~~~†~~...Xw
#B ###~~.....~#y########'###.ww
..#~~~~~§~..~#h@..._..#~~~#
$##§~~~~~~~.~#...._._.#§~≈≈#
##~~~≈≈§~~~§~#..._._._#~~§~≈#
~~~~~§≈§≈~~~#.._._._.#~~~≈§§#
+++#~§≈≈≈≈≈≈~#._._._._#~§~~~§+
##≈§≈###≈§#_._._._.#~~~~§§#
#§≈#._._._._#~ #≈≈#_._._...#~
≈≈≈§≈≈##########~


You could see 3 polar bears, a yaktaur and a hornet.

Vanquished Creatures
  4 water moccasins (D)
  4 scorpions (D)
  3 worms (D)
11 creatures vanquished.

Vanquished Creatures (others)
  8 tentacles (D)
8 creatures vanquished.

Grand Total: 19 creatures vanquished

Notes
Turn   | Place    | Note
-------+----------+-------------------------------------------
     0 | D        | Midn8 the Troll Fighter began the quest for the Orb.
     0 | D        | Reached XP level 1. HP: 22/22 MP: 0/0
     1 | D        | Noticed a boulder beetle
     1 | D        | Noticed a boulder beetle
     4 | D        | Noticed a scorpion
     4 | D        | Noticed a scorpion
    10 | D        | Killed a scorpion
    11 | D        | Reached skill level 6 in Unarmed Combat
    11 | D        | Reached XP level 2. HP: 33/33 MP: 1/1
    11 | D        | Reached XP level 3. HP: 40/40 MP: 2/2
    15 | D        | Killed a scorpion
    16 | D        | Reached skill level 5 in Fighting
    16 | D        | Reached skill level 7 in Unarmed Combat
    16 | D        | Reached XP level 4. HP: 24/50 MP: 3/3
    62 | D        | Noticed a scorpion
    62 | D        | Noticed a scorpion
    66 | D        | Killed a scorpion
    67 | D        | Reached skill level 9 in Unarmed Combat
    67 | D        | Reached XP level 5. HP: 54/59 MP: 4/4
    70 | D        | Reached skill level 10 in Unarmed Combat
   110 | D        | Noticed a water moccasin
   113 | D        | Killed a water moccasin
   114 | D        | Reached XP level 6. HP: 67/68 MP: 5/5
   123 | D        | Found a blossoming altar of Fedhas.
   124 | D        | Found a white marble altar of Elyvilon.
   124 | D        | Found an opulent altar of Gozag.
   124 | D        | Found a burning altar of Makhleb.
   125 | D        | Found a shadowy altar of Dithmenos.
   125 | D        | Found a corrupted altar of Lugonu.
   126 | D        | Found a snail-covered altar of Cheibriados.
   126 | D        | Found an ancient bone altar of Kikubaaqudgha.
   126 | D        | Found a bloodstained altar of Trog.
   127 | D        | Found a viscous altar of Jiyva.
   127 | D        | Found a shimmering blue altar of Sif Muna.
   128 | D        | Found a hazy altar of Hepliaklqana.
   128 | D        | Found a sacrificial altar of Ru.
   129 | D        | Found a shimmering altar of Xom.
   130 | D        | Found a stormy altar of Qazlal.
   130 | D        | Found an ornate altar of the Wu Jian Council.
   130 | D        | Found a sparkling altar of Nemelex Xobeh.
   130 | D        | Found a hide-covered altar of Uskayaw.
   130 | D        | Found a basalt altar of Yredelemnul.
   130 | D        | Found a glowing golden altar of the Shining One.
   131 | D        | Found a radiant altar of Vehumet.
   131 | D        | Found an iron altar of Okawaru.
   131 | D        | Found a glowing silver altar of Zin.
   139 | D        | Became a worshipper of Warmaster Okawaru
   150 | D        | Noticed a water moccasin
   151 | D        | Noticed a water moccasin
   154 | D        | Noticed a water moccasin
   155 | D        | Noticed a kraken
   160 | D        | Killed a water moccasin
   161 | D        | Reached skill level 11 in Unarmed Combat
   164 | D        | Killed a water moccasin
   165 | D        | Reached skill level 12 in Unarmed Combat
   165 | D        | Reached XP level 7. HP: 43/79 MP: 6/6
   170 | D        | Reached * piety under Okawaru
   176 | D        | Noticed a yaktaur
   176 | D        | Noticed a hornet
   176 | D        | Noticed a polar bear
   176 | D        | Noticed a polar bear
   178 | D        | Noticed a polar bear
   225 | D        | Paralysed by a hornet for 3 turns
   226 | D        | HP: 3/80 [polar bear (2)]
   227 | D        | Slain by a hornet

Illustrated notes

Levels and vault maps discovered:
D:        the_violet_keep_of_menkaure [sprint2_stairs_cluster_1,
          sprint2_shoproom, sprint2_temple, sprint2_basic_supplies,
          sprint2_obstacle_6, sprint2_obstacle_7, sprint2_obstacle_2,
          sprint2_obstacle_5, sprint2_obstacle_1, sprint2_timed_cluster_1,
          sprint2_smallroom_cluster_1, sprint2_smallroom_final_cluster_1,
          sprint2_transparent_cluster_1, sprint2_second_timed_cluster_1,
          sprint2_sniper_area_1, sprint2_heavy_combat_area_1,
          sprint2_mutation_trap_area_1, sprint2_forest_area_1,
          sprint2_light_combat_area_1, sprint2_behind_water_1,
          sprint2_near_end_vault_1]

Skill      XL: |  1  2  3  4  5  6  7 |
---------------+----------------------+-----
Fighting       | 4 5 6 7 8 |  8.1
Unarmed Combat | 6 7 9 10 12 | 12.9
Dodging        | |  2.4
Shields        | |  2.6

Action                     |  1- 3 |  4- 6 |  7- 9 || total
---------------------------+-------+-------+-------++-------
  Melee: Unarmed           |    10 |    21 |    14 ||    45
 Invoke: Heroism           |       |       |     1 ||     1
 Armour: Robe              |     1 |     4 |     4 ||     9
  Dodge: Dodged            |     4 |     6 |     6 ||    16
  Block: Kite shield       |     2 |     6 |     5 ||    13

Table legend: (Time is in decaauts)
 A = Elapsed time spent in this place.
 B = Non-inter-level travel time spent in this place.
 C = Inter-level travel time spent in this place.
 D = Time resting spent in this place.
 E = Time spent auto-exploring this place.
 F = Levels seen in this place.
 G = Mean time per level.
                   A        B        C        D        E       F      G
               +--------+--------+--------+--------+--------+-----+--------+
         Total |    226 |    226 |      0 |     67 |      0 |   1 |  226.0 |
       Dungeon |    226 |    226 |      0 |     67 |      0 |   1 |  226.0 |
               +--------+--------+--------+--------+--------+-----+--------+

Top non-repeatable levels by time:
       D: 226 daAuts
